 Dungeon Crawl Stone Soup version 0.26-a0-597-gb535b0901c (webtiles) character file.

Game seed: 8888798974773437080

188 Superazbuka the Shield-Bearer (level 5, -1/49 HPs)
             Began as a Deep Dwarf Fighter on Aug 28, 2020.
             Slain by a scorpion (2 damage)
             ... on level 4 of the Dungeon.
             The game lasted 00:02:47 (1922 turns).

Superazbuka the Shield-Bearer (Deep Dwarf Fighter)  Turns: 1922, Time: 00:02:48

Health: -1/49      AC:  7    Str: 20    XL:     5   Next: 39%
Magic:  5/5        EV:  7    Int:  9    God:
Gold:   146        SH:  9    Dex: 12    Spells: 4/4 levels left

rFire    . . .     SeeInvis .   a - +0 war axe
rCold    . . .     Faith    .   c - +0 kite shield
rNeg     . . .     Spirit   .   b - +0 scale mail
rPois    .         Reflect  .   (no helmet)
rElec    .         Harm     .   (no cloak)
rCorr    .                      (no gloves)
MR       .....                  (no boots)
Stlth    ..........             (no amulet)
HPRegen  0.00/turn              (no ring)
MPRegen  0.09/turn              (no ring)

@: non-regenerating
A: damage resistance, heal wounds, sense surroundings 1, no regeneration
a: Heal Wounds


You were on level 4 of the Dungeon.
You visited 1 branch of the dungeon, and saw 4 of its levels.

You collected 146 gold pieces.

Inventory:

Hand Weapons
 a - a +0 war axe (weapon)
Armour
 b - a +0 scale mail (worn)
 c - a +0 kite shield (worn)
Jewellery
 o - an uncursed amulet of reflection {unknown}
Wands
 p - a wand of random effects (20)
Scrolls
 g - a scroll of enchant weapon {unknown}
 i - 2 scrolls of teleportation {unknown}
 k - 3 scrolls of identify {unknown}
 l - 3 scrolls of amnesia {unknown}
 m - 2 scrolls of remove curse {unknown}
 r - 2 scrolls of immolation {unknown}
 t - 2 scrolls of enchant armour {unknown}
 u - 2 scrolls of magic mapping {unknown}
 v - a scroll of random uselessness {unknown}
Potions
 d - 4 potions of might
 e - 2 potions of curing {unknown}
 f - 3 potions of haste {unknown}
 h - a potion of magic {unknown}
 j - 2 potions of mutation {unknown}
 n - a potion of cancellation {unknown}
 q - a potion of heal wounds {unknown}
 s - a potion of resistance {unknown}
 w - a potion of ambrosia {unknown}


   Skills:
 + Level 3.6 Fighting
 + Level 3.6 Axes
 + Level 4.3 Armour
 + Level 4.4 Shields


You had 4 spell levels left.
You didn't know any spells.
Your spell library was empty.

Dungeon Overview and Level Annotations

Branches:
Dungeon (4/15)
 Temple: D:4-7

Altars:


Innate Abilities, Weirdness & Mutations

You are resistant to damage.
You can heal yourself by infusing magical energy.
You passively map a small area around you.
You do not regenerate.


Message History

The scorpion stings you.
You hit the ogre.
The ogre is lightly wounded.
You hit the scorpion. You block the ogre's attack.
The scorpion barely misses you.
Your shield and scale mail prevent you from hitting the ogre.
The ogre is lightly wounded.
You hit the scorpion but do no damage. You block the ogre's attack.
You block the scorpion's attack. The scorpion stings you.
You block the ogre's attack.
You hit the ogre.
The ogre is moderately wounded.
You barely miss the scorpion. The scorpion completely misses you.
You closely miss the ogre.
The ogre is moderately wounded.
You hit the scorpion.
The ogre hits you with a +0 giant spiked club!
* * * LOW HITPOINT WARNING * * *
The scorpion stings you.
You die...

*# .. , ... , ##...#
..,.. .... *#..#.#
##.##.# .....*#.##.#
......# ..... #.##.#
......# .....##.##.###
......#
.[...........####......#
.............##..O......,
##.#...[........@s.....#
##.#...................#
>..............##...####
, ##.#..............(..#
, #.#.........##......#
#.#.........##.#..#.#*
##............#.#...... *
....#.##############<#.
.(....# 8 * * * #, ,


You could see an ogre and a scorpion.

Vanquished Creatures
  A howler monkey (D:2)
  2 worker ants (D:4)
  Robin (D:3)
  An adder (D:3)
  2 oozes
  A worm (D:2)
  2 dart slugs
  2 leopard geckos (D:3)
  7 bats
  4 giant cockroaches
  17 goblins
  7 hobgoblins
  2 jackals (D:3)
  A quokka (D:2)
  2 frilled lizards
  11 kobolds
  6 rats
69 creatures vanquished.

Notes
Turn   | Place    | Note
-------+----------+-------------------------------------------
     0 | D:1      | Superazbuka the Deep Dwarf Fighter began the quest for the
                  | Orb.
     0 | D:1      | Reached XP level 1. HP: 20/20 MP: 1/1
   115 | D:1      | Reached XP level 2. HP: 25/27 MP: 2/2
   582 | D:2      | Reached XP level 3. HP: 23/34 MP: 3/3
  1115 | D:2      | Reached XP level 4. HP: 36/42 MP: 4/4
  1690 | D:4      | Noticed Robin
  1701 | D:3      | Killed Robin
  1809 | D:4      | Reached XP level 5. HP: 25/49 MP: 5/5
  1912 | D:4      | Noticed an ogre
  1922 | D:4      | HP: 1/49 [ogre/+0 giant spiked club (14)]
  1922 | D:4      | Slain by a scorpion

Illustrated notes

Levels and vault maps discovered:
D:1:      dpeg_arrival_castle, layout_basic
D:2:      layout_basic
D:3:      layout_rooms
D:4:      layout_rooms, grunt_temple_overflow_bloody_war,
          nicolae_overflow_hidden_temple, serial_shops, kennysheep_mini,
          nicolae_shop_statue_plus, shop, shop, shop, hangedman_decor_opposing,
          xom_redecorated, uniq_robin

Skill      XL: |  1  2  3  4 |
---------------+-------------+-----
Fighting       | 3 |  3.6
Axes           | 3 |  3.6
Shields        | 4 |  4.4
Armour         | 4 |  4.3

Action                   |  1- 3 |  4- 6 || total
-------------------------+-------+-------++-------
Melee: War axe           |   112 |    75 ||   187
 Abil: Heal Wounds       |     1 |     1 ||     2
Armor: Scale mail        |    48 |    25 ||    73
Dodge: Dodged            |    44 |    26 ||    70
Block: Kite shield       |    75 |    44 ||   119

Table legend: (Time is in decaauts)
 A = Elapsed time spent in this place.
 B = Non-inter-level travel time spent in this place.
 C = Inter-level travel time spent in this place.
 D = Time resting spent in this place.
 E = Time spent auto-exploring this place.
 F = Levels seen in this place.
 G = Mean time per level.
                   A        B        C        D        E       F      G
               +--------+--------+--------+--------+--------+-----+--------+
         Total |   2010 |   1982 |     28 |    100 |   1391 |   4 |  502.5 |
       Dungeon |   2010 |   1982 |     28 |    100 |   1391 |   4 |  502.5 |
               +--------+--------+--------+--------+--------+-----+--------+

Top non-repeatable levels by time:
     D:2: 848 daAuts
     D:1: 524 daAuts
     D:3: 508 daAuts
     D:4: 129 daAuts
